Map: Catalyst LE

Players

PtitDrogo - Winner!

  • Race: Protoss Protoss
  • Spawn Location: 11:00

Spazymazy

  • Race: Zerg Zerg
  • Spawn Location: 5:00

Event: WCS Leipzig 2018

VOD

Have the link to the VOD?

Description

Time

  • Played on: Jan. 26, 2018, 6:56 a.m.
  • Length: 4:29

All games in this series

Show
View Real Time Build Order
Export as new Build Order

PtitDrogo Protoss - Winner!

Build Orders: 1 Gate Expand, Oracle Opening 

Get SALT Encoding   

  12  0:00  Probe  
  13  0:12  Probe  
  14  0:21  Pylon  
  14  0:24  Probe  
  15  0:39  Probe (Chrono Boost)  
  15  0:42  Gateway  
  16  0:48  Probe (Chrono Boost), Assimilator  
  17  0:53  Probe (Chrono Boost)  
  18  1:05  Probe  
  19  1:21  Nexus  
  20  1:25  Probe  
  20  1:36  Cybernetics Core  
  20  1:40  Probe  
  20  1:45  Assimilator  
  21  1:52  Probe  
  22  1:54  Pylon  
  22  2:04  Probe  
  23  2:10  Adept (Chrono Boost)  
  25  2:16  Probe  
  25  2:19  Stargate  
  26  2:24  Warp Gate (Chrono Boost)  
  26  2:28  Probe  
  27  2:33  Adept (Chrono Boost)  
  27  2:34  Probe  
  30  2:40  Probe  
  31  2:51  Probe (Chrono Boost)  
  32  2:52  Probe (Chrono Boost)  
  32  2:57  Adept (Chrono Boost)  
  35  3:02  Probe (Chrono Boost)  
  35  3:04  Probe (Chrono Boost)  
  37  3:06  Oracle (Chrono Boost)  
  37  3:07  Probe (Chrono Boost)  
  41  3:13  Gateway  
  41  3:17  Shield Battery  
  41  3:24  Pylon  
  41  3:27  Adept  
  43  3:34  Pylon  
  43  3:37  Oracle  
  46  3:49  Gateway  
  46  4:05  Shield Battery  
  46  4:16  Probe  
  44  4:26  Adept x2  
Show
View Real Time Build Order
Export as new Build Order

Spazymazy Zerg 

Build Orders: Hatch First 

Get SALT Encoding   

  12  0:00  Drone  
  13  0:12  Overlord  
  13  0:18  Drone  
  14  0:30  Drone x2  
  16  0:36  Drone  
  17  0:52  Hatchery  
  17  0:55  Drone  
  17  0:58  Extractor  
  17  1:00  Drone  
  17  1:14  Spawning Pool  
  17  1:18  Drone  
  17  1:20  Drone  
  18  1:29  Drone  
  19  1:38  Overlord  
  19  2:01  Queen  
  19  2:03  Metabolic Boost  
  19  2:04  Queen  
  19  2:05  Zergling x2  
  24  2:15  Overlord  
  24  2:17  Zergling x2  
  24  2:18  Zergling x2  
  24  2:22  Zergling x2  
  27  2:24  Zergling x2  
  27  2:29  Zergling x2  
  29  2:32  Zergling x2  
  30  2:37  Zergling x2  
  30  2:47  Pneumatized Carapace  
  30  2:48  Zergling x4  
  32  2:57  Zergling x2  
  33  3:03  Zergling x2, Evolution Chamber  
  33  3:05  Zergling x2  
  34  3:10  Zergling x4  
  36  3:16  Zergling x4  
  38  3:33  Zergling x2  
  38  3:34  Zergling x6  
  41  3:41  Zergling x4  
  41  3:47  Zergling x2  
  41  3:56  Zergling x6  
  41  4:01  Zergling x4  
Tags
 
Add a new tag
Caveats
  • Supply blocks, unpowered buildings, or Contaminate may cause inaccurate times.
  • Supply counts are checked every 10 seconds.